 Dungeon Crawl Stone Soup version 0.14-a0-1844-g8283a67 (webtiles) character file.

169 ReteAZ the Ruinous (level 4, -2/24 HPs)
             Began as a Deep Elf Conjurer on Jan 12, 2014.
             Killed by divine providence
             ... invoked by an orc priest
              (14 damage)
             ... on Level 3 of the Dungeon.
             The game lasted 00:06:42 (1498 turns).

ReteAZ the Ruinous (Deep Elf Conjurer)              Turns: 1498, Time: 00:06:42

HP  -2/24        AC  2     Str  5      XL: 4   Next: 44%
MP   7/13        EV 13     Int 21      God:
Gold 71          SH  0     Dex 15      Spells:  2 memorised,  6 levels left

rFire  . . .     SeeInvis .     q - +2,+5 whip
rCold  . . .     Clarity  .     a - +0 elf robe
rNeg   . . .     Conserve .     (no shield)
rPois  +         rCorr    .     (no helmet)
rElec  .         rRot     .     (no cloak)
SustAb . .       Spirit   .     (no gloves)
rMut   .         Warding  .     (no boots)
Saprov . . .     Stasis   .     (no amulet)
                                (no ring)
                                p - ring of poison resistance

@: slightly resistant to hostile enchantments, fairly stealthy
A: no striking features
a: no special abilities


You were on level 3 of the Dungeon.
You were not hungry.

You visited 1 branch of the dungeon, and saw 3 of its levels.

You collected 71 gold pieces.

Inventory:

Hand weapons
 q - a +2,+5 whip (weapon)
Armour
 a - a +0 elven robe (worn)
Comestibles
 b - 2 bread rations
 k - a pear
 o - an apricot
Scrolls
 d - 2 scrolls of curse weapon {unknown}
 e - 2 scrolls of remove curse {unknown}
 f - a scroll of teleportation {unknown}
 g - a scroll of immolation {unknown}
 i - 2 scrolls of identify {unknown}
 m - a scroll of amnesia {unknown}
 n - a scroll of magic mapping {unknown}
Jewellery
 p - a ring of poison resistance (left hand)
Potions
 h - a potion of heal wounds {unknown}
 j - a potion of beneficial mutation {unknown}
 l - a potion of confusion {unknown}
Books
 c - a book of Conjurations

   Spells                             Type                      Level
   *Magic Dart                        Conjuration                  1
   *Searing Ray                       Conjuration                  2
   Dazzling Spray                     Conjuration/Hexes            3
   Iskenderun's Mystic Blast          Conjuration                  4
   Iskenderun's Battlesphere          Conjuration/Charms           4
   Fulminant Prism                    Conjuration/Hexes            5


   Skills:
 - Level 2.4 Dodging
 - Level 2.4 Stealth
 - Level 3.0 Spellcasting
 + Level 6.5 Conjurations


You had 6 spell levels left.
You knew the following spells:

 Your Spells              Type           Power        Failure   Level  Hunger
a - Magic Dart            Conj           ####         1%          1    None
b - Searing Ray           Conj           ####..       1%          2    ##.....


Dungeon Overview and Level Annotations

Branches:
Dungeon (3/16)

Altars:
Makhleb


Message History

Press: ? - help, Shift-Dir - straight line, f/p - orc wizard
Aim: an orc wizard, wielding an orcish dagger and wearing an orcish robe (severely wounded)
The magic dart hits the giant gecko.
The giant gecko misses you.
Casting: Magic Dart
Confirm with . or Enter, or press ? or * to list all spells.
Aiming: Magic Dart
Press: ? - help, Shift-Dir - straight line, f/p - orc wizard
Aim: an orc wizard, wielding an orcish dagger and wearing an orcish robe (severely wounded)
The magic dart hits the orc wizard.
The orc wizard is severely wounded.
The giant gecko bites you but does no damage.
The orc hits you with an orcish club.
Casting: Magic Dart
Confirm with . or Enter, or press ? or * to list all spells.
Okay, then.
The giant gecko barely misses you.
The orc priest invokes the aid of Beogh against you.
Something smites you!
Ouch! That really hurt!
You die...

. #.. #.. ###
##.. ..... ...
...o..
#####..##..K...
...............
.........o.......
#..@l...#
#..oo.......
.....<.......
####.......###
........#
#........#
..........
#........ ...


You could see an orc priest, an orc wizard, 2 orcs, a giant gecko and a kobold.

Vanquished Creatures
  A hound (D:2)
  3 adders
  A giant gecko (D:2)
  4 giant cockroaches
  6 hobgoblins
  8 bats
  A giant newt (D:1)
  3 goblins
  10 kobolds
  4 rats
41 creatures vanquished.

Notes
Turn   | Place    | Note
--------------------------------------------------------------
     0 | D:1      | ReteAZ, the Deep Elf Conjurer, began the quest for the Orb.
     0 | D:1      | Reached XP level 1. HP: 10/10 MP: 5/5
     6 | D:1      | Noticed a wolf
     6 | D:1      | Noticed a black mamba
     6 | D:1      | Noticed a komodo dragon
   273 | D:1      | Reached XP level 2. HP: 15/15 MP: 4/8
   287 | D:1      | Reached skill level 5 in Conjurations
   350 | D:1      | Learned a level 2 spell: Searing Ray
   561 | D:2      | Reached XP level 3. HP: 19/19 MP: 3/10
  1207 | D:2      | Found a burning altar of Makhleb.
  1213 | D:2      | Reached skill level 6 in Conjurations
  1213 | D:2      | Reached XP level 4. HP: 11/24 MP: 5/13
  1498 | D:3      | Killed from afar by an orc priest

Action                   |  1- 3 |  4- 6 || total
-------------------------+-------+-------++-------
Melee: Unarmed           |     8 |       ||     8
       Whip              |     5 |       ||     5
 Cast: Magic Dart        |    74 |    11 ||    85
       Searing Ray       |     1 |       ||     1
